 Dungeon Crawl Stone Soup version 0.24-a0-446-g87df720 (webtiles) character file.

Game seed: 992628667166718660

87 r3xj the Cudgeler (level 4, -5/42 HPs)
             Began as a Gargoyle Fighter on June 25, 2019.
             Slain by Crazy Yiuf
             ... wielding a +2 quarterstaff of chaos
              (8 damage)
             ... on level 2 of the Dungeon.
             The game lasted 00:02:13 (1929 turns).

r3xj the Cudgeler (Gargoyle Fighter)                Turns: 1929, Time: 00:02:13

Health: -5/42      AC: 11    Str: 26    XL:     4   Next: 51%
Magic:  4/4        EV:  7    Int:  8    God:
Gold:   97         SH:  9    Dex:  9    Spells: 3/3 levels left

rFire    . . .     SeeInvis .   a - +0 flail
rCold    . . .     Gourm    .   c - +0 shield
rNeg     + . .     Faith    .   b - +0 scale mail
rPois    ∞         Spirit   .   (no helmet)
rElec    +         Reflect  .   (no cloak)
rCorr    .         Harm     .   (no gloves)
MR       .....                  h - +0 pair of boots
Stlth    ..........             (no amulet)
HPRegen  0.14/turn              (no ring)
MPRegen  0.09/turn              (no ring)

@: berserking, very quick
A: negative energy resistance 1, electricity resistance, unbreathing,
petrification resistance, rot immunity, AC +3
a: no special abilities


You were on level 2 of the Dungeon.
You were not hungry.

You visited 1 branch of the dungeon, and saw 2 of its levels.

You collected 97 gold pieces.

Inventory:

Hand Weapons
 a - a +0 flail (weapon)
 l - a +2 spear of freezing
Armour
 b - a +0 scale mail (worn)
 c - a +0 shield (worn)
 h - a +0 pair of boots (worn)
Scrolls
 i - a scroll of enchant armour {unknown}
 j - a scroll of enchant weapon {unknown}
 k - 2 scrolls of magic mapping {unknown}
 m - 2 scrolls of remove curse {unknown}
 n - 2 scrolls of teleportation {unknown}
 o - a scroll of identify {unknown}
Potions
 d - a potion of might
 e - 2 potions of mutation {unknown}
 g - a potion of cancellation {unknown}
 p - a potion of invisibility {unknown}
 q - a potion of resistance {unknown}
Comestibles
 f - 3 rations


   Skills:
 - Level 3.2 Fighting
 + Level 4.6 Maces & Flails
 - Level 3.2 Armour
 - Level 3.2 Shields


You had 3 spell levels left.
You didn't know any spells.
Your spell library was empty.

Dungeon Overview and Level Annotations

Branches:
Dungeon (2/15)

Altars:

Annotations:
D:2 Crazy Yiuf


Innate Abilities, Weirdness & Mutations

You are resistant to torment.
Your stone body is resilient. (AC +3)
You are immune to poison.
You resist negative energy. (rN+)
You are resistant to electric shocks. (rElec)
You can survive without breathing.
You are immune to petrification.
You are immune to rotting.


Message History

Crazy Yiuf yells, "Scoff arga sing-song!"
You block Crazy Yiuf's attack.
You hit Crazy Yiuf.
Crazy Yiuf is moderately wounded.
Crazy Yiuf hits you with a +2 quarterstaff of chaos.
* * * LOW HITPOINT WARNING * * *
A red film seems to cover your vision as you go berserk!
You feel yourself moving faster!
You feel mighty!
You closely miss Crazy Yiuf.
Crazy Yiuf is moderately wounded.
Crazy Yiuf closely misses you.
Unknown command.
You sock Crazy Yiuf!
Crazy Yiuf is almost dead.
Crazy Yiuf hits you with a +2 quarterstaff of chaos!
* * * LOW HITPOINT WARNING * * *
You closely miss Crazy Yiuf.
Crazy Yiuf is almost dead.
Crazy Yiuf hits you with a +2 quarterstaff of chaos!
You die...

.................+.....+....'..((
...........###########.#....#...#
...........# #.######.(.#
...........# ##### #..........'
...........# #).)# ########...#
...##'###### #)..# #.....##...#
...........# ... #.....#....#
...........# #g# #..........'
...........# #@## #..........#
...........# ##.# #.......####
...........# #.## ######..####
...........# ##.# #...........
...##+##...# ##.## #######.##..
...........# ##P..# ####.#...
...........# #P.P.# #........
##.........# #....# ####.###.
#.........####....# #.# #.


You could see Crazy Yiuf.

Vanquished Creatures
  3 adders (D:2)
  A gnoll (D:1)
  A dart slug (D:1)
  A leopard gecko (D:1)
  3 giant cockroaches
  5 hobgoblins
  7 bats
  3 frilled lizards
  11 goblins
  7 kobolds
  7 rats
49 creatures vanquished.

Notes
Turn   | Place    | Note
-------+----------+-------------------------------------------
     0 | D:1      | r3xj the Gargoyle Fighter began the quest for the Orb.
     0 | D:1      | Reached XP level 1. HP: 14/14 MP: 1/1
    30 | D:1      | Reached XP level 2. HP: 19/19 MP: 2/2
   117 | D:1      | Reached skill level 3 in Maces & Flails
   348 | D:1      | Reached XP level 3. HP: 20/23 MP: 3/3
  1133 | D:2      | Reached skill level 4 in Maces & Flails
  1397 | D:2      | Reached XP level 4. HP: 28/28 MP: 4/4
  1741 | D:2      | Found a runed translucent door.
  1742 | D:2      | Noticed Crazy Yiuf
  1929 | D:2      | Slain by Crazy Yiuf

Levels and vault maps discovered:
D:1:      elethiomel_arrival_quiet, layout_loops_cross, minivault_5,
          serial_bayou_lake_a
D:2:      layout_basic, grunt_ministairs_8, uniq_crazy_yiuf_cottage

Skill      XL: |  1  2  3 |
---------------+----------+-----
Maces & Flails | 3 4 |  4.6
Fighting       | |  3.2
Armour         | |  3.2
Shields        | |  3.2

Action                   |  1- 3 |  4- 6 || total
-------------------------+-------+-------++-------
Melee: Flail             |   152 |    51 ||   203
  Eat: Chunk             |     2 |     2 ||     4
Armor: Scale mail        |    79 |    32 ||   111
Dodge: Dodged            |    42 |    21 ||    63
Block: Shield            |    80 |    25 ||   105

Table legend:
 A = Non-vault XP
 B = Vault XP
 C = Vault XP percentage of total XP
 D = Non-vault monster count
 E = Vault monster count
 F = Vault count percentage of total count
                 A         B        C        D         E       F
            +---------+---------+-------+---------+---------+-------
      Total |     123 |       2 |   1.6 |      47 |       2 |   4.1
            +---------+---------+-------+---------+---------+-------
        D:1 |      58 |       0 |   0.0 |      29 |       0 |   0.0
        D:2 |      65 |       2 |   3.0 |      18 |       2 |  10.0
            +---------+---------+-------+---------+---------+-------
